[Event "Romanian Championship 2024"]
[Site "Eforie Nord"]
[Date "2024.02.27"]
[Round "5.2"]
[White "Cosma, Ioan"]
[Black "Parligras, Mircea-Emilian"]
[Result "0-1"]
[ECO "B51"]
[WhiteElo "2316"]
[BlackElo "2539"]
[Annotator "TA"]
[PlyCount "86"]
[EventDate "2024.02.24"]
[EventType "swiss"]
[EventCountry "ROU"]
[SourceTitle "playchess.com"]
[Source "ChessBase"]
[SourceQuality "1"]
[TimeControl "40/5400+30:900+30"]

1. e4 c5 2. Nf3 d6 3. Bb5+ Nd7 4. d4 cxd4 5. Qxd4 a6 6. Bxd7+ Bxd7 7. c4 Nf6 8. Nc3 g6 9. O-O {[%emt 0:10:43] The position is equal.} Bg7 10. c5 dxc5 11. Qxc5 Rc8 12. Qa7 Bc6 13. Ne5 Bxe4 14. Rd1 (14. Bf4 $15 Nh5 15. Rad1) 14... Qc7 $17 15. Bf4 {[%emt 0:12:08] [#]} Qc5 $1 16. Qxc5 Rxc5 17. Nd7 Rc4 18. Be5 {[%emt 0:05:51] Strongly threatening Nxe4.} Bc6 {[%emt 0:01:27] A strong pair of Bishops.} 19. Nxf6+ Bxf6 20. Bxf6 exf6 21. Nd5 f5 22. b3 Rc5 23. Nb4 Bd7 24. Rac1 Rxc1 25. Rxc1 {[%emt 0:00:04][%mdl 4096] Endgame. KRB-KRN} Ke7 26. f4 a5 27. Nd5+ Kd6 28. Ne3 b5 {[%emt 0:05:08] Against Nc4+} 29. Rd1+ Kc6 30. Rc1+ Kb7 31. Kf2 Re8 32. g3 Re4 33. Re1 Be6 {[%emt 0:04:07] Black is more active.} 34. Nc2 Kb6 35. Rxe4 $2 {[%emt 0:00:37] Now White is beyond hope.} (35. Rd1 $17) 35... fxe4 {[%emt 0:00:02] KB-KN} 36. Ke3 Kc5 {[%emt 0:00:05] Inhibits Nd4.} 37. Nd4 Bd5 38. Nc2 (38. g4 {was worth a try.} a4 39. bxa4 bxa4 (39... Bxa2 40. axb5 h5 41. gxh5 $16) 40. a3) 38... a4 $19 {[%emt 0:02:58] Black is clearly winning.} 39. b4+ Kc4 {[%emt 0:00:06] [#] aiming for ...Kc3.} 40. Kd2 Be6 41. g4 e3+ 42. Kxe3 (42. Nxe3+ $142 Kxb4 43. Nc2+ Kc5 44. a3) 42... Kc3 43. Nd4 Bxa2 {[%emt 0:01:06] Weighted Error Value: White=0.42/Black=0.13 (very precise) .  Loses game:     	White=1     	---        Mistake:       	White=2     	---        Inaccurate:     	White=2     	---        OK:         	White=10    	Black=16     Best:        	---       	Black=3      Strong:       	---       	Black=1} 0-1

[Event "Romanian Championship 2024"]
[Site "Eforie Nord"]
[Date "2024.02.27"]
[Round "5.3"]
[White "Gavrilescu, David"]
[Black "Cnejev, Vladimir-Alexandru"]
[Result "1-0"]
[ECO "C58"]
[WhiteElo "2523"]
[BlackElo "2311"]
[Annotator "TA"]
[PlyCount "83"]
[EventDate "2024.02.24"]
[EventType "swiss"]
[EventCountry "ROU"]
[SourceTitle "playchess.com"]
[Source "ChessBase"]
[SourceQuality "1"]
[TimeControl "40/5400+30:900+30"]

1. e4 e5 2. Nf3 Nc6 3. Bc4 Nf6 4. Ng5 d5 5. exd5 Na5 6. Bb5+ c6 7. dxc6 bxc6 8. Bd3 Nd5 9. Nf3 (9. Nxh7 $2 Nf4 10. Be4 Rxh7 $17) 9... Bd6 10. Nc3 Nf4 {[%emt 0:00:44] The position is equal.} 11. O-O Nxd3 12. cxd3 O-O 13. Re1 c5 14. b3 Nc6 15. Ne4 Be7 16. Ba3 Bg4 17. h3 (17. Bxc5 Bxc5 18. Nxc5 Nd4 $17) 17... Bxf3 18. Qxf3 Nd4 19. Qd1 f5 20. Nc3 (20. Nxc5 Qd5 21. b4 Rf6 $11) 20... Bd6 21. Rc1 ({White should play} 21. Na4 $14) 21... Rc8 (21... Qg5 $1 $11 {remains equal.}) 22. Na4 $16 Qe7 23. Bb2 e4 24. Bxd4 cxd4 25. Rxc8 Rxc8 26. dxe4 ({White should try} 26. Nb2 $1 $16) 26... Qe5 27. g3 {[%emt 0:03:32][%cal Bg2g3,Bg3g4][%mdl 32] Strongly threatening Nb2.} f4 {[%emt 0:02:36] [#]} ({Better is} 27... fxe4 28. Qg4 Re8) 28. g4 $1 g6 29. Kf1 {[%emt 0:06:56] Black must now prevent Nb2.} Qb5+ (29... Ba3 $16 {was called for.}) 30. Qe2 d3 31. Qf3 Be5 {[%emt 0:00:33] Repels Nb2} 32. Kg2 Rc2 {[%emt 0:00:14] [#]} (32... g5 $16 {might work better.} 33. Rd1 h6) 33. Nc3 $2 Qa6 $2 {[%emt 0:00:13][%mdl 8192] This costs Black the game.} (33... Bxc3 $17 {and life is bright.} 34. dxc3 d2) 34. Rd1 $18 g5 35. Nd5 Qb5 36. h4 {[%emt 0:01:17] White is clearly winning.} h6 (36... gxh4 $142 37. Qh3 (37. Nxf4 Rxa2 38. Nd5 Qd7 $18) 37... Bg7 38. Qxh4 (38. Nxf4 Qg5 $18) 38... Qd7) 37. hxg5 hxg5 38. Qh3 {[%emt 0:00:15] Repels Qd7} Qd7 39. Qh5 (39. Qxd3 {gets mated.} Qxg4+) 39... f3+ 40. Kxf3 Qf7+ 41. Qxf7+ Kxf7 42. Nb4 {[%emt 0:00:10][%csl LRc2,LRd3] Weighted Error Value: White=0.24 (precise) /Black=0.41.  Loses game:     	---       	Black=1      Missed win:     	White=1     	---        Mistake:       	White=2     	Black=5      Inaccurate:     	---       	Black=3      OK:         	White=19    	Black=8      Best:        	White=2     	Black=1      Strong:       	White=1     	---} 1-0

[Event "Romanian Championship 2024"]
[Site "Eforie Nord"]
[Date "2024.02.27"]
[Round "5.4"]
[White "Gales, Randi-Ioan"]
[Black "Ghimpu, Samuel-Timotei"]
[Result "0-1"]
[ECO "E68"]
[WhiteElo "2062"]
[BlackElo "2467"]
[Annotator "RC"]
[PlyCount "146"]
[EventDate "2024.02.24"]
[EventType "swiss"]
[EventCountry "ROU"]
[SourceTitle "playchess.com"]
[Source "ChessBase"]
[SourceQuality "1"]
[TimeControl "40/5400+30:900+30"]

1. c4 Nf6 2. g3 g6 3. Bg2 Bg7 4. Nc3 O-O 5. d4 d6 6. h3 Nbd7 7. Nf3 Re8 8. e4 e5 9. O-O exd4 10. Nxd4 Nc5 11. Re1 h6 12. Kh2 a5 13. f4 c6 14. Nc2 Be6 15. Na3 Qc7 16. Qc2 h5 17. f5 Bxf5 18. Bf4 Be6 19. Rad1 Red8 20. Qf2 Ne8 21. Bg5 f6 22. Be3 Qe7 23. Nd5 Qf7 24. Nb6 Rab8 25. Bxc5 dxc5 26. Qxc5 Qc7 27. Qe3 h4 28. c5 Qxg3+ 29. Qxg3 hxg3+ 30. Kxg3 Bf8 31. Na4 Bxa2 32. Bf1 Nc7 33. Bc4+ Bxc4 34. Nxc4 Ne6 35. Nxa5 Nxc5 36. Rxd8 Rxd8 37. Nxc5 Bxc5 38. Nxb7 Rd3+ 39. Kg4 Bd4 40. Na5 c5 41. Nc4 Rb3 42. Re2 Kf7 43. h4 Ke6 44. Rc2 Rd3 45. h5 gxh5+ 46. Kxh5 Rg3 47. Rd2 Rg1 48. Re2 Rc1 49. Na5 Ke5 50. Kg4 Kd6 51. Kf3 Rf1+ 52. Kg4 Kc7 53. Nc4 Kc6 54. e5 fxe5 55. Nxe5+ Kd5 56. Nd7 c4 57. Rd2 Ke4 58. Nb8 Rg1+ 59. Kh3 Rb1 60. Nc6 Bxb2 61. Rg2 Bf6 62. Rg4+ Kd5 63. Na5 c3 64. Nc4 Bd4 65. Na3 Rh1+ 66. Kg2 Rg1+ 67. Kf3 Rxg4 68. Kxg4 Ke4 69. Nc2 Bc5 70. Kg3 Kd3 71. Na1 Ba3 72. Nb3 c2 73. Kf2 Kc3 0-1

[Event "Romanian Championship 2024"]
[Site "Eforie Nord"]
[Date "2024.02.27"]
[Round "5.5"]
[White "Magold, Filip"]
[Black "Antal, Hunor-Zoltan"]
[Result "1/2-1/2"]
[ECO "B45"]
[WhiteElo "2400"]
[BlackElo "2272"]
[Annotator "TA"]
[PlyCount "69"]
[EventDate "2024.02.24"]
[EventType "swiss"]
[EventCountry "ROU"]
[SourceTitle "playchess.com"]
[Source "ChessBase"]
[SourceQuality "1"]
[TimeControl "40/5400+30:900+30"]

1. e4 c5 2. Nc3 Nc6 3. Nf3 e6 4. d4 cxd4 5. Nxd4 Nf6 6. Ndb5 Bb4 7. Bf4 Nxe4 8. Qf3 d5 9. Nc7+ Kf8 10. Nxa8 e5 11. Bd2 Nd4 12. Qd1 {[%emt 0:02:15] White is slightly better.} Qh4 13. g3 Qf6 (13... Nxd2 $2 14. gxh4 (14. Bg2 Qh3 $11) 14... N2f3+ 15. Qxf3 Nxf3+ 16. Kd1 $18) 14. Nxe4 (14. Nxd5 $2 Qxf2#) 14... Nf3+ {[%emt 0:04:04] [#]} 15. Qxf3 $1 Qxf3 16. Bxb4+ Kg8 17. Nd6 Qxh1 {[%emt 0:02:13] Black is weak on the dark squares} 18. O-O-O $1 (18. Nc7 Bg4 19. h3 Bxh3 $17) 18... Be6 (18... Bg4 $6 19. Be2 Qxh2 20. Bxg4 $18) 19. Nc7 {[%emt 0:01:59] Black must now prevent Nxe6.} Qxh2 (19... Qf3 {is interesting.} 20. Nxe6 fxe6 21. Bh3 Qf6) 20. Nxd5 ({Reject} 20. Nxe6 fxe6 21. Bc5 (21. Nxb7 h5 $17) 21... h5 22. Bxa7 h4 23. gxh4 Qxh4 $17) 20... Bxd5 21. Rxd5 Qxf2 {[%emt 0:07:20] [#]} 22. Rxe5 $1 Qxf1+ 23. Re1 Qxe1+ 24. Bxe1 h5 {[%emt 0:01:44] The position is equal.} 25. Nxb7 g5 $1 26. c4 h4 27. gxh4 gxh4 28. c5 h3 {[%emt 0:00:16] ( -> ...h2)} 29. Bg3 ({Don't blunder} 29. c6 $2 h2 30. c7 Kg7 $19 (30... h1=R $2 {is the wrong capture.} 31. c8=Q+ Kg7 32. Qg4+ Kf6 33. Qd4+ Kf5 34. Kc2 $18) (30... Kh7 $2 31. Nd8 $19)) 29... h2 30. Bxh2 Rxh2 31. c6 {[%emt 0:00:05] And now c7 would win.} Rh6 32. Nd8 {[%emt 0:00:46] Threatens to win with c7.} Rh5 (32... Rh4 $5 33. b3 $8 Rh5 $11) 33. Nb7 {[%emt 0:00:19] Repels Rc5+. aiming for c7.} Rh6 34. Nd8 {[%emt 0:00:14] Strongly threatening c7.} Rh5 (34... Rh4 $5 35. b3 $8 Rh5 $11) 35. Nb7 $1 {[%emt 0:00:11] Prevents Rc5+.   Weighted Error Value: White=0.01 (flawless) /Black=0.00 (flawless) .  OK:         	White=17    	Black=12     Best:        	White=3     	Black=7      Strong:       	White=2     	Black=1} 1/2-1/2

[Event "Romanian Championship 2024"]
[Site "Eforie Nord"]
[Date "2024.02.27"]
[Round "5.6"]
[White "Manolache, Marius"]
[Black "Serban, Cristian-Stefan"]
[Result "1-0"]
[ECO "D38"]
[WhiteElo "2387"]
[BlackElo "2309"]
[Annotator "TA"]
[PlyCount "49"]
[EventDate "2024.02.24"]
[EventType "swiss"]
[EventCountry "ROU"]
[SourceTitle "playchess.com"]
[Source "ChessBase"]
[SourceQuality "1"]
[TimeControl "40/5400+30:900+30"]

1. d4 Nf6 2. Nf3 d5 3. c4 e6 4. Nc3 Bb4 5. Qa4+ Nc6 6. e3 O-O 7. Qc2 b6 8. cxd5 exd5 9. h3 {[%emt 0:03:33] The position is equal.} Bb7 10. Bd3 Re8 11. O-O a6 12. a3 Bf8 13. b4 h6 14. Bb2 Kh8 15. Rac1 {[%emt 0:10:32] White is more active.} Ne4 16. Qb3 (16. Nxe4 dxe4 17. Bxe4 Nxb4 18. Qxc7 Bxe4 $11) (16. Ne5 $1 $16 Nxe5 17. dxe5) 16... Nxc3 17. Rxc3 Bd6 18. Bb1 (18. Qxd5 $2 Bh2+ 19. Nxh2 Qxd5 $19) 18... Qd7 (18... Ne7 $142) 19. Qc2 $40 {[%emt 0:06:57][%mdl 128] White goes for the king.} (19. Qxd5 $2 Bh2+ 20. Kxh2 Qxd5 $19) 19... g6 {[%emt 0:00:04] [#]} (19... f5 $16 {was worth a try.} 20. Qxf5 Qxf5 21. Bxf5 Rf8) 20. Ne5 $1 $18 Bxe5 (20... Nxe5 $2 {loses.} 21. dxe5 Rxe5 (21... Bxe5 $2 22. Rxc7 Qd6 23. Bxe5+ Qxe5 24. Rxb7 $18) 22. f4 $18) 21. dxe5 d4 (21... Kg8 $142 22. Ba2 Rac8) 22. exd4 {[%emt 0:09:49][%cal Oe5e6] aiming for e6!} Nxd4 {[%emt 0:05:54] [#] Hoping for ...Qd5.} 23. e6 $1 {[%emt 0:00:51] White is clearly winning.} Qd5 (23... Qxe6 $142 24. Rd3 (24. Rxc7 Kg8 $18) 24... Kg8 25. Bxd4 (25. Rxd4 Qc6 $18) 25... Qc6 26. Qxc6 Bxc6) 24. Rg3 {[%emt 0:00:19] exf7 is the strong threat.} (24. Rxc7 $2 Qxg2#) 24... Rxe6 {[%emt 0:00:44] [#]} 25. Ba2 $1 {[%emt 0:00:34][%mdl 512] Weighted Error Value: White=0.07 (flawless) /Black=0.37.  Mistake:       	White=1     	Black=5      Inaccurate:     	White=1     	Black=1      OK:         	White=9     	Black=3      Best:        	White=1     	Black=1      Strong:       	White=1     	---        Brilliant:      	White=1     	---} 1-0

[Event "Romanian Championship 2024"]
[Site "Eforie Nord"]
[Date "2024.02.27"]
[Round "5.7"]
[White "Nastase, Robert-Paul"]
[Black "Ognean, Mihnea-Ionut"]
[Result "1/2-1/2"]
[ECO "B30"]
[WhiteElo "2226"]
[BlackElo "2382"]
[Annotator "TA"]
[PlyCount "47"]
[EventDate "2024.02.24"]
[EventType "swiss"]
[EventCountry "ROU"]
[SourceTitle "playchess.com"]
[Source "ChessBase"]
[SourceQuality "1"]
[TimeControl "40/5400+30:900+30"]

1. e4 c5 2. Nc3 Nc6 3. Bb5 Nd4 4. Nf3 e6 5. Bd3 Ne7 6. Nxd4 cxd4 7. Ne2 Nc6 8. c3 d5 9. O-O Be7 10. Qa4 dxe4 11. Bxe4 O-O 12. Bxc6 bxc6 (12... dxc3 $1 $11 13. dxc3 bxc6) 13. Nxd4 $14 Bf6 14. Qxc6 Rb8 15. Nb3 Bb7 16. Qc5 Qd3 {[%emt 0:18:34] [#] Hoping for ...Ba6.} 17. Qxa7 (17. Qe3 $1 $16 Qf5 18. f3 (18. Qxa7 Bxg2 19. Kxg2 Qg4+ 20. Kh1 Qf3+ 21. Kg1 Rb4 $11)) 17... Bxg2 $1 $11 {[%emt 0:02:06] The position is equal.} 18. Kxg2 {[%emt 0:01:13] Strongly threatening Qe3.} Rb5 $1 19. f4 {[%emt 0:14:23] Against Rg5+} (19. Rg1 $2 {gets mated.} Rg5+ 20. Kh1 Qf3+) 19... Qg6+ $1 ({Much weaker is} 19... Qe4+ $6 20. Rf3 Ra8 21. Qf2 (21. Qe3 Qxe3 22. dxe3 Rxb3 $18) 21... Rxb3 22. d3 $14) 20. Kh1 $1 Qe4+ 21. Kg1 Qg6+ 22. Kh1 $1 Qe4+ 23. Kg1 {[%emt 0:00:05] [#] Qe3 would now be deadly.} Qg6+ 24. Kh1 $1 {Weighted Error Value: White=0.16 (very precise) /Black=0.08 (flawless) .  Mistake:       	White=1     	Black=1      Inaccurate:     	White=2     	Black=1      OK:         	White=2     	Black=6      Best:        	White=3     	Black=2      Strong:       	White=3     	Black=3} 1/2-1/2

[Event "Romanian Championship 2024"]
[Site "Eforie Nord"]
[Date "2024.02.27"]
[Round "5.8"]
[White "Nevednichy, Vladislav"]
[Black "Tudor, Henry Edward"]
[Result "1-0"]
[ECO "B93"]
[WhiteElo "2451"]
[BlackElo "2239"]
[Annotator "TA"]
[PlyCount "93"]
[EventDate "2024.02.24"]
[EventType "swiss"]
[EventCountry "ROU"]
[SourceTitle "playchess.com"]
[Source "ChessBase"]
[SourceQuality "1"]
[TimeControl "40/5400+30:900+30"]

1. e4 c5 2. Nf3 d6 3. d4 cxd4 4. Nxd4 Nf6 5. Nc3 a6 6. f4 e5 7. Nb3 Nc6 8. Bd3 Be7 9. O-O O-O {[%emt 0:01:15] The position is equal.} 10. Nd5 Nxd5 11. exd5 Nb4 12. Be4 f5 13. Bf3 {[%emt 0:01:12] Strongly threatening a3.} a5 {[%emt 0:00:21] And now ...a4 would win.} 14. c3 Na6 15. a4 Qb6+ 16. Kh1 Nc5 17. Nxc5 Qxc5 18. Qb3 Kh8 19. Re1 Bf6 20. Be3 Qc7 21. g3 Bd7 22. Bb6 Qc8 23. c4 g5 (23... e4 $11 24. Be2 Bd8) 24. Rac1 gxf4 25. gxf4 e4 26. Bh5 Be8 27. Be2 Qd7 28. c5 dxc5 (28... Qxa4 $14 29. Qxa4 Bxa4) 29. Bb5 $16 (29. Rxc5 Rg8 $11 (29... Qxa4 30. Qxa4 Bxa4 31. Bxa5 $11)) 29... Qf7 30. Bxc5 (30. Rxc5 $16 Rg8 31. Rc7) 30... Rg8 (30... Bxb5 $5 31. Bxf8 (31. Qxb5 Rg8 $11) 31... Bc6 $14) 31. Bc4 {[%emt 0:01:54] d6 would now be deadly.} Qh5 32. Qe3 {[%emt 0:02:19] Active counter play!} (32. Be2 $1 $14 Qh4 33. Rf1) 32... Bf7 (32... Bxb2 $2 33. Bd4+ Bxd4 34. Qxd4+ Rg7 35. Re3 $18) ({Black should try} 32... Rg7 $11) 33. Bd4 Qh6 34. Rg1 {[%emt 0:01:56][%cal Be1g1,Bg1g5,Bg5h5,Bh5f5,Bf5e5,Be5e3][%mdl 32] aiming for Qc3.} Bh5 {[%emt 0:00:39] Hoping for ...Bf3+.} 35. h3 Rgf8 $2 {[%emt 0:01:11] [#]} (35... Rg7 $11 36. Bxf6 Qxf6) 36. d6 $2 ({Better is} 36. Rg5 $1 $16 {Black must now prevent Bxf6+.} Bf3+ 37. Kh2 Bxd4 38. Qxd4+ Qf6 39. Qe5) 36... Rad8 (36... Rfd8 $1 $11) 37. Kh2 Bxd4 $4 {[%emt 0:00:49][%mdl 8192] This costs Black the game.} (37... Rxd6 $16 38. Bc5 Rdd8 (38... Bxb2 $2 39. Rc2 $18)) 38. Qxd4+ $18 {[%emt 0:00:04] White is clearly winning.} Rf6 39. Rg5 {[%emt 0:01:46][%cal Oc1c3] White threatens Rc3! and mate.} e3 {[%emt 0:00:44] [#]} 40. Rxh5 $1 Qg7 41. Rg1 Rg6 42. Qxg7+ (42. Rxg6 $2 {perishes.} Qxd4 43. Be2 Qxf4+ (43... Qxb2 $2 44. Rg2 $19) 44. Kh1 Rc8 $19 (44... Rxd6 $2 45. Rxd6 Qxd6 46. Rxf5 $19) (44... Qxa4 $2 45. Rg2 $19)) 42... Kxg7 43. Rxf5 Rdxd6 44. Rxg6+ hxg6 45. Re5 Rd4 46. b3 Rxf4 47. Rxe3 {[%emt 0:00:00] Weighted Error Value: White=0.23 (precise) /Black=0.23 (precise) .  Loses game:     	---       	Black=1      Mistake:       	White=3     	Black=5      Inaccurate:     	White=3     	Black=3      OK:         	White=14    	Black=12     Best:        	White=4     	Black=2} 1-0

[Event "Romanian Championship 2024"]
[Site "Eforie Nord"]
[Date "2024.02.27"]
[Round "5.9"]
[White "Stoleriu, George"]
[Black "Prelipcean, Eric-Matei"]
[Result "0-1"]
[ECO "A11"]
[WhiteElo "2391"]
[BlackElo "2103"]
[Annotator "TA"]
[PlyCount "134"]
[EventDate "2024.02.24"]
[EventType "swiss"]
[EventCountry "ROU"]
[SourceTitle "playchess.com"]
[Source "ChessBase"]
[SourceQuality "1"]
[TimeControl "40/5400+30:900+30"]

1. b3 Nf6 2. Bb2 d5 3. Nf3 g6 4. g3 Bg7 5. Bg2 O-O 6. c4 c6 7. O-O a5 8. Nc3 Ne4 9. Na4 b5 10. Bxg7 Kxg7 {[%emt 0:00:07] Weiß steht etwas besser.} 11. Nb2 Qb6 12. d3 Nf6 13. cxb5 cxb5 14. Rc1 Bb7 15. d4 Nc6 16. e3 Nb4 17. a3 Na2 18. Rc5 Ne4 19. Qc2 {[%emt 0:00:36][%cal Ob2d3] Es drohte Nac3. Nd3! wäre nun fies.} Rfc8 $1 {[%emt 0:06:27] [#]} 20. Nd1 $1 {[%emt 0:01:34] [#]} Nac3 $1 $36 {[%emt 0:01:13][%mdl 2048] Schwarz hat starke Initiative.} 21. Rxc8 (21. Rxc3 $2 Nxc3 22. Nxc3 Qc6 $19) (21. Nxc3 $2 Nxc5 22. Nd2 (22. dxc5 $2 Qxc5 23. Qd1 Qxc3 $19) 22... Nd7 $19) (21. b4 axb4) 21... Rxc8 22. Ne5 ({Besser ist} 22. b4) 22... b4 23. Nxc3 Rxc3 24. Qb2 f6 (24... Ba6 $17 25. Ra1 Qd6 26. axb4 Qxb4 (26... axb4 27. Qa2 $15)) 25. Nd7 $15 Qc7 (25... Qb5 $5 26. Bxe4 Qxd7 $17 (26... dxe4 27. Nc5 $11)) 26. Bxe4 {[%emt 0:00:10] Droht stark axb4.} Qxd7 (26... dxe4 27. Nc5 Bd5 28. axb4 axb4 29. Rc1 $16) 27. Bg2 Qc8 28. axb4 axb4 29. h4 (29. Ra1 $15) 29... Rc2 $2 (29... Ba6 $1 $19 30. Ra1 Rc2) 30. Qa1 Ba6 31. Bh3 Qc6 {[%emt 0:00:55] Schwarz steht deutlich aktiver.} (31... Qxh3 $6 32. Qxa6 Rc3 33. Qb7 $11) 32. Rb1 (32. Rd1 $1 $15) 32... Bd3 $17 33. Bf1 (33. Rd1 $17 Rc3 34. Qa7) 33... Be4 $1 $19 34. Bg2 Bxg2 (34... Rxf2 $1 $19 35. Bxe4 Rd2) 35. Kxg2 $15 Qc3 36. Qxc3 (36. Kg1 $11 {kam in Betracht.}) 36... Rxc3 $11 {[%emt 0:00:02][%mdl 4096] Endspiel. KR-KR} (36... bxc3 37. b4 $11) 37. Ra1 Kf7 (37... Rxb3 $6 38. Ra5 $11) 38. Ra5 Ke6 $1 (38... Rxb3 39. Rxd5 Ke6 40. Rb5 $11) 39. Ra6+ Kd7 $1 40. Ra7+ Kd6 (40... Kc6 $1 $19 41. Rxe7 Rxb3) 41. Ra6+ (41. g4 $17) 41... Kc7 $1 $19 42. Ra7+ (42. Kf3 $17) 42... Kb6 $1 43. Rxe7 Rxb3 {[%emt 0:00:08] Und jetzt ...Rc3 wäre schön.} 44. Kf3 $2 (44. Rxh7 Ra3 45. Rh8) 44... Rc3 45. Ke2 b3 (45... Rc7 $142 46. Rxc7 Kxc7) 46. Re8 Kb5 47. Kd2 Rc2+ 48. Kd3 Rc7 $2 (48... Kb4 $1 $19 49. f3 Rc3+ 50. Kd2 Rc4 (50... Rc2+ $2 51. Kd3 $17)) 49. Rb8+ $15 Ka4 50. f3 Ka3 51. e4 $2 ({Der einzige Zug:} 51. Ra8+ $1 $15 Kb2 52. e4) 51... b2 $2 ({Günstiger ist} 51... dxe4+ $1 $19 52. fxe4 b2) 52. exd5 $11 {[%emt 0:00:48] d6 ist eine echte Drohung.} Ka2 53. d6 $2 {[%emt 0:01:02][%mdl 8192] [#] Schwarz hat alles unter Kontrolle.} (53. Ra8+ $11 Kb1 54. Rb8 (54. d6 Rb7 $15)) 53... Rc8 $3 $19 54. Rb7 {[%emt 0:02:28][%cal Od6d7] Schwarz muss nun d7! beachten.} (54. Rxc8 b1=Q+) 54... b1=Q+ {[%emt 0:00:12] Schwarz setzt Matt.} (54... b1=R 55. Ra7+ (55. d7 $2 Rd8 $19) 55... Kb3 (55... Kb2 56. Rb7+ Ka2 57. Ra7+ Kb3 58. Rb7+ Ka2 $11) 56. Rb7+ Ka2 57. Ra7+ (57. d7 $2 Rd8 $19) 57... Kb2 58. Rb7+ Ka2 $11) 55. Rxb1 Kxb1 {[%emt 0:00:07] KR-KP} 56. Ke4 Kc2 57. Kd5 Kd3 58. Ke6 Kxd4 59. Kxf6 Ke3 60. f4 Kf3 61. h5 Kxg3 62. hxg6 hxg6 {[%emt 0:00:05] KR-KPP} (62... Kxf4 $2 63. gxh7 Rh8 64. d7 $18 (64. Kg7 Rd8 $18)) 63. f5 {[%emt 0:00:20] [#]} Rf8+ $1 64. Kxg6 {[%emt 0:01:08] [#]} Kf4 $1 65. d7 Ke5 $1 (65... Rxf5 $2 66. d8=Q (66. d8=B Ke5 $11) 66... Ke4 67. Qa8+ Rd5 68. Kf6 $18) 66. Kg7 Rd8 (66... Rxf5 $2 {ist das falsche Schlagen.} 67. d8=Q $18 (67. d8=B Rf3 $11)) 67. f6 Rxd7+ {[%emt 0:00:06] Gewichteter Fehlerwert: Weiß=0.50/Schwarz=0.33.  Verlustzug:     	Weiß=2     	---        Gewinn verpasst:   	---       	Schwarz=3     Fehler:       	Weiß=9     	Schwarz=3     Ungenau:       	Weiß=5     	---        OK:         	Weiß=14    	Schwarz=6     Bester:       	Weiß=7     	Schwarz=7     Stark:        	---       	Schwarz=6     Brilliant:      	---       	Schwarz=2} 0-1

[Event "Romanian Championship 2024"]
[Site "Eforie Nord"]
[Date "2024.02.27"]
[Round "5.10"]
[White "Ilinca, Felix-Antonio"]
[Black "Craciun, Sasha-Matei"]
[Result "1-0"]
[ECO "C54"]
[WhiteElo "2415"]
[BlackElo "2080"]
[Annotator "TA"]
[PlyCount "89"]
[EventDate "2024.02.24"]
[EventType "swiss"]
[EventCountry "ROU"]
[SourceTitle "playchess.com"]
[Source "ChessBase"]
[SourceQuality "1"]
[TimeControl "40/5400+30:900+30"]

1. e4 e5 2. Nf3 Nc6 3. Bc4 Bc5 4. d3 Nf6 5. c3 d6 6. Bg5 h6 7. Bh4 a6 8. a4 Ba7 9. Nbd2 Qe7 10. b4 {[%emt 0:00:00] White has an edge.} Be6 (10... g5 $11 11. Bg3 Nh5) 11. Qb3 (11. O-O $14) 11... g5 $11 12. Bg3 b5 13. axb5 $16 axb5 14. Bxb5 Bxb3 $2 {[%emt 0:13:11] A mistake that costs the game.} (14... O-O $16 {might work better.} 15. Qd1 Bd7) 15. Bxc6+ $18 Kf8 {[%emt 0:01:33][%cal Oa7f2] Threatens to win with ...Bxf2+!} 16. Bxa8 Bc2 17. Ke2 Bb6 18. Rhc1 Bxd3+ 19. Kxd3 Kg7 20. Bc6 Ng4 21. Ke2 h5 22. h4 (22. h3 Nh6 23. c4 Rd8 $18) 22... f6 23. Nc4 Rb8 24. Nxb6 Rxb6 25. b5 Rb8 (25... Nh6 $142 26. Rcb1 Kh7) 26. Ra7 Kg6 27. c4 Nh6 28. Bd5 g4 29. Nd2 f5 30. f3 f4 31. Bf2 g3 32. Bg1 Qxh4 33. Rxc7 Qh1 34. Kd3 h4 35. Rd7 Qxg2 36. Rxd6+ Kg5 37. Ba7 Rh8 38. Re6 Nf7 39. Bc5 h3 40. Be7+ (40. Rg1 Qxg1 41. Bxg1 (41. Rc6 $2 Qxc5 42. Rxc5 g2 $19) 41... h2 $17) 40... Kh5 41. Rf6 Nh6 {[%emt 0:03:55] [#]} 42. Ra1 $1 {[%emt 0:00:43] White mates.} h2 {[%emt 0:01:02] [#]} 43. Raa6 $1 h1=Q {[%emt 0:00:37] [#]} 44. Rf5+ $1 Nxf5 45. Bf7# {[%emt 0:00:04] Weighted Error Value: White=0.37/Black=0.53.  Loses game:     	---       	Black=1      Mistake:       	White=1     	Black=3      Inaccurate:     	White=1     	Black=4      OK:         	White=9     	Black=7      Best:        	White=3     	---} 1-0